 Dungeon Crawl Stone Soup version 0.25-a0-869-g05d4e06 (webtiles) character file.

Game seed: 4089727924347709251, levelgen mode: deterministic

238 Illumine the Chopper (level 6, 0/53 HPs)
             Began as a Hill Orc Fighter on Apr 30, 2020.
             Succumbed to a scorpion's poison
             ... on level 4 of the Dungeon.
             The game lasted 00:02:28 (1025 turns).

Illumine the Chopper (Hill Orc Fighter)             Turns: 1025, Time: 00:02:28

Health: 0/53       AC: 11    Str: 21    XL:     6   Next: 7%
Magic:  6/6        EV:  4    Int:  8    God:
Gold:   34         SH:  9    Dex: 10    Spells: 5/5 levels left

rFire    . . .     SeeInvis .   a - +0 war axe
rCold    . . .     Gourm    .   c - +0 kite shield
rNeg     . . .     Faith    .   j - +0 plate armour
rPois    .         Spirit   .   (no helmet)
rElec    .         Reflect  .   (no cloak)
rCorr    .         Harm     .   (no gloves)
MR       .....                  (no boots)
Stlth    ..........             (no amulet)
HPRegen  0.17/turn              (no ring)
MPRegen  0.10/turn              (no ring)

@: mighty, lethally poisoned (0 -> -3)
A: no striking features
a: no special abilities


You were on level 4 of the Dungeon.
You were hungry.

You visited 1 branch of the dungeon, and saw 4 of its levels.

You collected 34 gold pieces.

Inventory:

Hand Weapons
 a - a +0 war axe (weapon)
Armour
 c - a +0 kite shield (worn)
 j - a +0 plate armour (worn)
Scrolls
 e - a scroll of immolation {unknown}
 g - a scroll of random uselessness {unknown}
 h - a scroll of fear {unknown}
 i - 2 scrolls of amnesia {unknown}
Comestibles
 f - 2 rations


   Skills:
 + Level 4.7 Fighting
 * Level 5.5 Axes
 + Level 4.3 Armour
 + Level 4.3 Shields


You had 5 spell levels left.
You didn't know any spells.
Your spell library was empty.

Dungeon Overview and Level Annotations

Branches:
Dungeon (4/15)
 Temple: D:4-7

Altars:

Annotations:
D:3 Grinder


Message History

You feel sick.
You see here 17 gold pieces.
You now have 34 gold pieces (gained 17).
* * * LOW HITPOINT WARNING * * *
You feel sick.
Okay, then.
* * * LOW HITPOINT WARNING * * *
You feel sick.
* * * LOW HITPOINT WARNING * * *
You feel sick.
Okay, then.
You feel very mighty all of a sudden.
* * * LOW HITPOINT WARNING * * *
You feel sick.
There is a lethal amount of poison in your body!
* * * LOW HITPOINT WARNING * * *
You feel sick.
* * * LOW HITPOINT WARNING * * *
You feel sick.
You die...

#..# ##...### ##..
#.####..##########.
##.##....# #...##..
#.....#.## #...##.#
#....##.#####...##.#
#...#....##........#
###.#.....[.#...####
#.#....####...#
#@.....# #...#
#.###### ##### #.#
#.# #.# #.# #.# #.#


There were no monsters in sight!

Vanquished Creatures
  A scorpion (D:4)
  3 hounds
  An orc wizard (D:3)
  An adder (D:4)
  A gnoll (D:3)
  2 oozes
  3 dart slugs
  2 leopard geckos (D:4)
  4 orcs (D:3)
  2 bats
  A giant cockroach (D:3)
  3 goblins
  A hobgoblin (D:1)
  2 kobolds
  2 quokkas
  2 rats
31 creatures vanquished.

Notes
Turn   | Place    | Note
-------+----------+-------------------------------------------
     0 | D:1      | Illumine the Hill Orc Fighter began the quest for the Orb.
     0 | D:1      | Reached XP level 1. HP: 19/19 MP: 1/1
    45 | D:1      | Reached skill level 3 in Axes
   125 | D:2      | Reached XP level 2. HP: 27/27 MP: 2/2
   277 | D:3      | Reached XP level 3. HP: 30/33 MP: 3/3
   285 | D:3      | Reached skill level 4 in Axes
   285 | D:3      | Reached XP level 4. HP: 25/40 MP: 4/4
   556 | D:3      | Reached XP level 5. HP: 18/47 MP: 5/5
   759 | D:3      | Noticed Grinder
   759 | D:3      | Paralysed by Grinder for 2 turns
   854 | D:4      | Reached skill level 5 in Axes
  1009 | D:4      | Reached XP level 6. HP: 12/53 MP: 6/6
  1019 | D:4      | HP: 2/53 [poisoned by a scorpion]
  1025 | D:4      | Succumbed to a scorpion's poison

Levels and vault maps discovered:
D:1:      psy_arrival_fountain, layout_rooms
D:2:      minmay_door_path, layout_loops_corners, kennysheep_okawaru_gauntlet
D:3:      layout_loops_cross, marbit_many_paths, first_ration,
          chequers_serial_rivers_micro_b, cheibrodos_gnoll_hut, uniq_ijyb,
          uniq_grinder
D:4:      layout_rooms, lemuel_zombie_altar_kikubaaqudgha,
          lemuel_coloured_pillars_altar, gammafunk_ghost_necromancy,
          kennysheep_generic_room_16

Skill      XL: |  1  2  3  4  5 |
---------------+----------------+-----
Axes           | 3 4 5 |  5.5
Fighting       | 4 |  4.7
Armour         | 4 |  4.3
Shields        | 4 |  4.3

Action                   |  1- 3 |  4- 6 || total
-------------------------+-------+-------++-------
Melee: War axe           |    35 |    94 ||   129
  Use: Potion            |       |     1 ||     1
Armor: Scale mail        |    20 |    41 ||    61
       Plate armour      |       |     6 ||     6
Dodge: Dodged            |    12 |    16 ||    28
Block: Kite shield       |    29 |    38 ||    67

Table legend:
 A = Non-vault XP
 B = Vault XP
 C = Vault XP percentage of total XP
 D = Non-vault monster count
 E = Vault monster count
 F = Vault count percentage of total count
                 A         B        C        D         E       F
            +---------+---------+-------+---------+---------+-------
      Total |     237 |     103 |  30.3 |      28 |       3 |   9.7
            +---------+---------+-------+---------+---------+-------
        D:1 |       9 |       0 |   0.0 |       5 |       0 |   0.0
        D:2 |       4 |       0 |   0.0 |       1 |       0 |   0.0
        D:3 |      79 |     103 |  56.6 |      14 |       3 |  17.6
        D:4 |     145 |       0 |   0.0 |       8 |       0 |   0.0
            +---------+---------+-------+---------+---------+-------
